 Dungeon Crawl Stone Soup version 0.18.1-48-g4cf74bf (webtiles) character file.

3043 Puuhinen the Magician (level 9, -8/62 HPs)
             Began as a Demonspawn Necromancer on July 20, 2016.
             Was a Believer of Sif Muna.
             Mangled by a manticore (9 damage)
             ... on level 8 of the Dungeon.
             The game lasted 01:06:36 (9808 turns).

Puuhinen the Magician (Demonspawn Necromancer)      Turns: 9808, Time: 01:06:37

Health: -8/62      AC: 12    Str: 12      XL:     9   Next: 56%
Magic:  19/20      EV: 15    Int: 23      God:    Sif Muna [**....]
Gold:   244        SH:  0    Dex: 13 (14) Spells: 5 memorised, 11 levels left

rFire  . . .     SeeInvis .     J - +2 trident (vamp)
rCold  + . .     Gourm    .     a - +1 robe
rNeg   . . .     Faith    .     (no shield)
rPois  .         Spirit   .     z - +0 helmet
rElec  +         Dismiss  .     (no cloak)
rCorr  .         Reflect  .     q - +0 pair of gloves
SustAt .         Harm     .     B - +2 pair of boots "Zulloc" {rElec Str+3}
MR     .....                    (no amulet)
Stlth  +.........               m - +5 ring of intelligence
                                k - ring of flight

@: silence, not resistant to hostile enchantments, very unstealthy
A: rough black scales 1, cold resistance 1, demonic guardian 1
a: Renounce Religion, Evoke Flight


You were on level 8 of the Dungeon.
You worshipped Sif Muna.
Sif Muna was pleased with you.
You were hungry.

You visited 2 branches of the dungeon, and saw 9 of its levels.

You collected 336 gold pieces.
You spent 92 gold pieces at shops.

Inventory:

Hand Weapons
 e - a +0 dagger
 v - a +0 quarterstaff
 y - a +4 dagger
 E - a +3 war axe
 F - a +2 dagger of flaming
 J - a +2 vampiric trident (weapon)
Missiles
 d - 4 needles of confusion
 h - 18 tomahawks (quivered)
 D - a throwing net
Armour
 a - a +1 robe (worn)
 q - a +0 pair of gloves (worn)
 z - a +0 helmet (worn)
 B - the +2 pair of boots "Zulloc" (worn) {rElec Str+3}
   (You found it on level 4 of the Dungeon)

   It affects your strength (+3).
   It insulates you from electricity.
 C - a +2 buckler
Magical Staves
 g - an uncursed staff of conjuration
Jewellery
 k - a ring of flight (left hand)
 m - a +5 ring of intelligence (right hand)
Wands
 t - a wand of iceblast (9/15)
Scrolls
 f - a scroll of amnesia
 l - 3 scrolls of immolation
 o - a scroll of teleportation
 p - a scroll of fear
 s - 7 scrolls of remove curse
 w - a scroll of enchant weapon {unknown}
 x - 3 scrolls of noise
 I - a scroll of enchant armour
Potions
 i - a potion of cure mutation
 n - a potion of magic
 r - 2 potions of berserk rage
 G - 2 potions of might
Books
 b - a book of Necromancy

   Spells                             Type                      Level
   a - Pain                           Necromancy                   1
   b - Animate Skeleton               Necromancy                   1
   c - Vampiric Draining              Necromancy                   3
   d - Regeneration                   Charms/Necromancy            3
   e - Animate Dead                   Necromancy                   4
   f - Control Undead                 Necromancy                   4
 A - a book of Death

   Spells                             Type                      Level
   a - Corpse Rot                     Necromancy                   2
   b - Sublimation of Blood           Necromancy                   2
   c - Agony                          Necromancy                   5
   d - Dispel Undead                  Necromancy                   5
   e - Excruciating Wounds            Charms/Necromancy            5
   f - Bolt of Draining               Conjuration/Necromancy       5
Comestibles
 c - 7 bread rations
 j - 6 meat rations
 H - a chunk of flesh


   Skills:
 + Level 2.5 Fighting
 + Level 0.6 Short Blades
 + Level 1.2(1.4) Polearms
 + Level 1.0(1.3) Staves
 + Level 6.3 Dodging
 - Level 3.0 Stealth
 * Level 1.7 Shields
 + Level 7.8 Spellcasting
 + Level 3.1 Charms
 - Level 7.0 Necromancy


You had 11 spell levels left.
You knew the following spells:

 Your Spells              Type           Power        Failure   Level  Hunger
a - Pain                  Necr           ####         1%          1    None
b - Animate Skeleton      Necr           N/A          1%          1    None
c - Vampiric Draining     Necr           #####.....   1%          3    None
d - Regeneration          Chrm/Necr      ####......   2%          3    None
e - Control Undead        Necr           #####.....   4%          4    ###....


Dungeon Overview and Level Annotations

Branches:
Dungeon (8/15)             Temple (1/1) D:4
   Lair: D:8-11

Altars:
Ashenzari
Cheibriados
Dithmenos
Elyvilon
Fedhas
Makhleb
Okawaru
Qazlal
Ru
Sif Muna
Trog
Vehumet
Yredelemnul
Zin
The Shining One

Shops:
D:4 *

Annotations:
D:4 Dowan, Duvessa
D:8 Erica


Innate Abilities, Weirdness & Mutations

You are partially covered in rough black scales (AC +4, Dex -1).
Your flesh is cold resistant.
A weak demonic guardian rushes to your aid.


Message History

* * * LOW HITPOINT WARNING * * *
The manticore bites you!
* * * LOW HITPOINT WARNING * * *
The manticore misses you. x2
Drink which item? (? for menu, Esc to quit)
Okay, then.
Read which item? (? for menu, Esc to quit)
Okay, then.
You hit the manticore but do no damage.
The manticore is lightly wounded.
Erica appears from thin air!
Reactivating autopickup.
Your white imp completely misses Erica.
Erica barely misses you. The manticore barely misses you.
The manticore closely misses you.
The manticore claws you but does no damage.
Your white imp hits Erica.
Your white imp freezes Erica.
You hit Erica.
Erica is severely wounded.
The manticore misses you. The manticore claws you!
You die...

##.......## .#.##
#.........###....#.#
+.........'.........
#.........####...#.#
##.......## .##
##.....## # ##5..##
##@## #@# #H# .#
##(## .. ##...##
###.#########.....#
........##...#...##
#........#.##.##
#####.##...##.#
#.###......


You could see Erica, a manticore and a friendly white imp.

Vanquished Creatures
  A tengu conjurer (D:8)
  The ghost of kak the Ducker, an amateur SpAK of Lugonu (D:4)
  5 spriggans (D:7)
  A sky beast (D:5)
  2 giant frogs
  4 killer bees (D:7)
  A howler monkey (D:7)
  A jelly (D:6)
  A quasit (D:8)
  3 orc priests
  4 hounds
  5 orc wizards
  An iguana (D:8)
  Ijyb (D:3)
  3 worker ants (D:6)
  A hound skeleton (D:4)
  A howler monkey zombie (D:6)
  A worker ant zombie (D:5)
  7 gnolls (D:6)
  12 adders
  An ooze (D:1)
  An adder skeleton (D:5)
  2 worms
  2 dart slugs
  2 giant geckos
  27 orcs
  3 ball pythons
  11 bats
  3 giant cockroaches
  9 goblins
  5 hobgoblins
  5 jackals
  6 kobolds
  2 quokkas
  5 giant newts
  A quokka skeleton (D:8)
  7 rats
148 creatures vanquished.

Vanquished Creatures (collateral kills)
  2 spriggans (D:7)
  A black bear (D:7)
  2 ogres
  2 centaurs
  2 giant frogs
  A scorpion (D:4)
  4 hounds
  A gnoll shaman (D:6)
  4 orc wizards
  An iguana (D:5)
  2 worker ants
  5 gnolls
  2 adders
  An adder zombie (D:6)
  An adder skeleton (D:8)
  12 orcs
  A bat (D:3)
  A giant gecko zombie (D:7)
  A giant newt (D:4)
46 creatures vanquished.

Vanquished Creatures (others)
  A quokka (D:6)
1 creature vanquished.

Grand Total: 195 creatures vanquished

Notes
Turn   | Place    | Note
--------------------------------------------------------------
     0 | D:1      | Puuhinen the Demonspawn Necromancer began the quest for the Orb.
     0 | D:1      | Reached XP level 1. HP: 13/13 MP: 3/3
   408 | D:1      | Gained mutation: A weak demonic guardian rushes to your aid. [demonic ancestry]
   408 | D:1      | Reached XP level 2. HP: 17/19 MP: 1/5
   525 | D:1      | Learned a level 1 spell: Animate Skeleton
   530 | D:1      | Reached skill level 5 in Necromancy
  1012 | D:2      | Found a faded altar to an unknown god.
  1294 | D:2      | Gained mutation: You are partially covered in rough black scales (AC +4, Dex -1). [demonic ancestry]
  1294 | D:2      | Reached XP level 3. HP: 17/24 MP: 0/6
  2449 | D:2      | Gained mutation: Your flesh is cold resistant. [demonic ancestry]
  2449 | D:2      | Reached XP level 4. HP: 29/30 MP: 5/8
  2622 | D:2      | Learned a level 3 spell: Vampiric Draining
  2660 | D:2      | Found a bloodstained altar of Trog.
  2971 | D:3      | Found a burning altar of Makhleb.
  2971 | D:3      | Noticed a blizzard demon
  2974 | D:3      | Noticed a smoke demon
  2974 | D:3      | Noticed a neqoxec
  3394 | D:3      | Reached XP level 5. HP: 23/35 MP: 2/10
  3553 | D:3      | Noticed Ijyb
  3569 | D:3      | Killed Ijyb
  4163 | D:4      | Noticed Duvessa
  4163 | D:4      | Noticed Dowan
  4257 | D:4      | Found an iron altar of Okawaru.
  4670 | D:4      | Reached XP level 6. HP: 28/41 MP: 10/12
  4679 | D:4      | Noticed kak's ghost (amateur SpAK)
  4930 | D:4      | Killed kak's ghost
  5051 | D:4      | Found a staircase to the Ecumenical Temple.
  5062 | Temple   | Entered the Ecumenical Temple
  5132 | Temple   | Became a worshipper of Sif Muna the Loreminder
  5392 | D:4      | Reached skill level 1 in Fighting
  5396 | D:4      | Reached skill level 1 in Staves
  5418 | D:4      | Found Debah's Assorted Antiques.
  5433 | D:4      | Got a pair of transparent boots
  5439 | D:4      | Identified the +2 pair of boots "Zulloc" {rElec Str+3} (You found it on level 4 of the Dungeon)
  5444 | D:4      | Bought a scroll labeled ZALOBIFFE for 23 gold pieces
  5444 | D:4      | Bought a scroll of identify for 46 gold pieces
  5444 | D:4      | Bought a scroll labeled SADIWK HI YWA for 23 gold pieces
  5573 | D:5      | Entered Level 5 of the Dungeon
  5742 | D:5      | Reached XP level 7. HP: 46/48 MP: 11/14
  5986 | D:5      | Found a radiant altar of Vehumet.
  6125 | D:5      | Reached skill level 5 in Spellcasting
  7285 | D:6      | Learned a level 3 spell: Regeneration
  7313 | D:6      | Reached XP level 8. HP: 45/54 MP: 12/16
  7411 | D:6      | Reached * piety under Sif Muna
  7415 | D:6      | Found a shattered altar of Ashenzari.
  7452 | D:6      | Reached skill level 5 in Dodging
  8216 | D:7      | Reached skill level 1 in Charms
  8901 | D:7      | Reached XP level 9. HP: 56/61 MP: 11/19
  9038 | D:7      | Reached ** piety under Sif Muna
  9038 | D:7      | Reached skill level 1 in Polearms
  9238 | D:7      | Reached skill level 1 in Shields
  9262 | D:8      | Learned a level 4 spell: Control Undead
  9270 | D:8      | Noticed a tengu conjurer
  9467 | D:8      | Noticed a manticore
  9475 | D:8      | Noticed a kobold demonologist
  9480 | D:8      | Noticed a soul eater
  9487 | D:8      | Noticed a white ugly thing
  9531 | D:8      | Killed a tengu conjurer
  9750 | D:8      | Noticed Erica
  9806 | D:8      | HP: 1/62 [manticore (13)]
  9808 | D:8      | Mangled by a manticore

Skill      XL: |  1  2  3  4  5  6  7  8  9 |
---------------+----------------------------+-----
Necromancy     | 5 6 7 |  7.0
Stealth        | 2 3 |  3.0
Dodging        | 2 3 4 5 6 |  6.3
Spellcasting   | 3 4 5 6 7 |  7.8
Fighting       | 1 2 |  2.5
Staves         | 1 |  1.0
Charms         | 2 3 |  3.1
Polearms       | 1 |  1.2
Shields        | 1 |  1.7
Short Blades   | |  0.6

Action                   |  1- 3 |  4- 6 |  7- 9 || total
-------------------------+-------+-------+-------++-------
Melee: Dagger            |    49 |    35 |   172 ||   256
       Quarterstaff      |       |   100 |       ||   100
       Trident           |       |       |   112 ||   112
 Cast: Pain              |    62 |    78 |   100 ||   240
       Animate Skeleton  |     4 |    20 |    23 ||    47
       Vampiric Draining |       |     6 |    19 ||    25
       Regeneration      |       |       |     1 ||     1
       Control Undead    |       |       |     1 ||     1
  Use: Scroll            |       |    10 |    11 ||    21
       Potion            |       |       |     5 ||     5
 Stab: Sleeping          |       |     1 |     7 ||     8
       Distracted        |       |       |     2 ||     2
  Eat: Chunk             |     5 |    11 |     9 ||    25
       Royal jelly       |       |       |     2 ||     2
       Meat ration       |       |       |     1 ||     1
Armor: Robe              |    31 |    65 |   136 ||   232
Dodge: Dodged            |    69 |    95 |   305 ||   469
